 Dungeon Crawl Stone Soup version 0.14-a0-2381-g4cacdb4 (webtiles) character file.

154 Mitsuki the Skirmisher (level 3, 0/24 HPs)
             Began as a Gargoyle Fighter on Feb 2, 2014.
             Killed by divine providence
             ... invoked by an orc priest
              (11 damage)
             ... on Level 3 of the Dungeon.
             The game lasted 00:04:08 (1421 turns).

Mitsuki the Skirmisher (Gargoyle Fighter)           Turns: 1421, Time: 00:04:08

HP   0/24        AC 15     Str 20      XL: 3   Next: 72%
MP   3/3         EV  6     Int  8      God:
Gold 106         SH 18     Dex  9      Spells:  0 memorised,  2 levels left

rFire  . . .     SeeInvis .     a - +0 mace
rCold  . . .     Clarity  .     b - +0 scale mail
rNeg   + . .     Conserve .     c - +0 shield
rPois  +         rCorr    .     p - +2 helmet
rElec  +         rRot     +     s - +1 cloak
SustAb . .       Spirit   .     (no gloves)
rMut   .         Warding  .     (no boots)
Saprov . . .     Stasis   .     (no amulet)
MR     .....                    (no ring)
                                (no ring)

@: not resistant to hostile enchantments, extremely unstealthy
A: life protection 1, electricity resistance, unbreathing, petrification
resistance, AC +3
a: no special abilities


You were on level 3 of the Dungeon.
You were hungry.

You visited 1 branch of the dungeon, and saw 3 of its levels.

You collected 106 gold pieces.

Inventory:

Hand weapons
 a - a +0,+0 mace (weapon)
Armour
 b - a +0 scale mail (worn)
 c - a +0 shield (worn)
 p - a +2 helmet (worn)
 s - a +1 cloak (worn)
Comestibles
 d - 2 bread rations
 h - 2 pears
 l - 2 meat rations
 r - a sausage
Scrolls
 e - 2 scrolls of teleportation {unknown}
 g - 3 scrolls of enchant weapon I {unknown}
 i - a scroll of noise {unknown}
 j - 2 scrolls of enchant weapon II {unknown}
 k - a scroll of amnesia {unknown}
 m - a scroll of immolation {unknown}
 o - a scroll of recharging {unknown}
 t - a scroll of enchant armour {unknown}
 w - 2 scrolls of identify {unknown}
 x - a scroll of fear {unknown}
 y - a scroll of curse weapon {unknown}
Jewellery
 n - an uncursed amulet of stasis {unknown}
Potions
 f - 3 potions of agility {unknown}
 q - 2 potions of heal wounds {unknown}
 u - a potion of invisibility {unknown}
 v - 2 potions of poison {unknown}


   Skills:
 + Level 4.1 Fighting
 + Level 2.5 Maces & Flails
 + Level 3.4 Armour
 + Level 3.9 Shields


You had 2 spell levels left.
You didn't know any spells.

Dungeon Overview and Level Annotations

Branches:
Dungeon (3/16)

Altars:


Innate Abilities, Weirdness & Mutations

You are resistant to torment.
You are immune to poison.
Your stone body is very resilient (AC +3).
You resist negative energy.
You are resistant to electric shocks.
You can survive without breathing.
You are immune to petrification.


Message History

You hit the orc.
The orc is almost dead.
The rat bites you. You block the orc's attack.
The rat bites you but does no damage.
An orc priest comes into view. It is wielding an orcish mace.
You hit the orc.
You kill the orc!
The rat bites you. The orc closely misses you.
The orc priest calls down the wrath of Beogh upon you.
Something smites you!
You closely miss the rat. You block the rat's attack.
You sock the rat!
You kill the rat!
The orc hits you but does no damage.
The orc priest's eyes start to glow.
The orc priest glows brightly for a moment.
The orc priest mumbles some strange prayers to Beogh against you.
Something smites you!
You die...

##.####.# .> #..)....#
#. ##.######### #.
#..%.o...o.#
#.###############.
##########.#
#...........##.... #.#
#######.#.###.##....
#.#.............#.##....
#o#########.#...#.##.<..
#.....o@........#.#####.
###############....####.
#.............
#.##....#####. #....+
... #....# #### #....#
....## ......


You could see an orc priest and an orc.

Vanquished Creatures
  An adder (D:2)
  An ooze (D:2)
  An orc (D:3)
  A ball python (D:2)
  4 bats (D:2)
  4 giant cockroaches
  3 hobgoblins
  6 kobolds
  2 giant newts (D:1)
  6 goblins
  9 rats
38 creatures vanquished.

Notes
Turn   | Place    | Note
--------------------------------------------------------------
     0 | D:1      | Mitsuki, the Gargoyle Fighter, began the quest for the Orb.
     0 | D:1      | Reached XP level 1. HP: 14/14 MP: 1/1
   146 | D:1      | Reached XP level 2. HP: 16/20 MP: 2/2
   787 | D:2      | Reached skill level 4 in Fighting
   787 | D:2      | Reached XP level 3. HP: 24/24 MP: 3/3
  1421 | D:3      | Killed from afar by an orc priest

Action                   || total
-------------------------++-------
Melee: Mace              ||    96
